Unix NetHack Version 5.0.0-0 post-release - last build Jun 10 2026 00:39:30 (3ee93aec679c4c4259841fe613dc97188e26a321,branch:main).

Game began 2026-06-11 16:54:55, ended 2026-06-11 17:20:55.

Ch3Begorrah, chaotic male human Rogue

                                                                      --------
                                                                      |...>..|
                                                                     #-......|
                                                                   ###---.----
                                                                   #     #
                                                          -------###     #
                                                          +.....|#       #
                                                          |.....-#       #
                                                          |.....|        #
                                                          |.....|        #
                                                        ##......|        #
                                     ----------.----    # -------     ---|-
                                     |......<......|  ###             |...|
                                     |.............|  #               |...|
                                     |.[............###               |.q%|
                                     ---------------                  |.@.|
                                                                      -----

Ch3Begorrah the Cutpurse  St:12 Dx:18 Co:15 In:9 Wi:13 Ch:8  Chaotic
Dlvl:6  $:58 HP:0(34) Pw:17(17) AC:6  Xp:4 T:2127  Fainted  Burdened Deaf

Latest messages:
 That door is closed.
 The door opens.
 What do you want to zap? [XY or ?*] ?
 In what direction? u
 The sleep ray hits the rothe.
 The sleep ray bounces!
 The sleep ray bounces!
 You faint from lack of food.
 You regain consciousness.
 You see here a scroll labeled ABRA KA DABRA.
 You can hear again.
 You faint from lack of food.
 You regain consciousness.
 J - a scroll labeled ABRA KA DABRA.
 You faint from lack of food.
 You regain consciousness.
 You can hear again.
 You faint from lack of food.
 You regain consciousness.
 You can hear again.
 You see here a tripe ration.
 You faint from lack of food.
 You regain consciousness.
 You have a little trouble lifting a runed wand.  Continue? [ynq] (q) q
 You see here a runed wand.
 You can hear again.
 You have a little trouble lifting a runed wand.  Continue? [ynq] (q) y
 You have a little trouble lifting L - a runed wand.
 Your movements are slowed slightly because of your load.
 What do you want to write with? [- abgjmyDGLXY or ?*] -
 You write in the dust with your fingertip.
 What do you want to write in the dust here? ELbe
 You faint from lack of food.
 The rothe hits!
 The rothe bites!
 The rothe bites again!
 The rothe hits!
 The rothe bites!
 The rothe bites again!
 The rothe hits!
 The rothe bites!
 The rothe bites again!
 The rothe hits!
 The rothe bites!
 The rothe bites again!
 The rothe hits!
 The rothe bites!
 The rothe bites again!
 You die...
 Do you want your possessions identified? [ynq] (y) q

Inventory:
 Coins    ('$')
  $ - 58 gold pieces
 Weapons  (')')
  b - a +0 dagger (weapon in right hand)
  g - 13 +0 daggers (at the ready)
  j - a +0 orcish dagger
  a - a +0 short sword (alternate weapon; not wielded)
 Armor    ('[')
  q - an uncursed +0 orcish helm (being worn)
  c - an uncursed +1 leather armor (being worn)
 Scrolls  ('?')
  E - an uncursed scroll of amnesia named ok
  J - an uncursed scroll of confuse monster
  x - an uncursed scroll of enchant weapon
  w - a blessed scroll of food detection
  H - 2 uncursed scrolls of identify
  B - an uncursed scroll of light
  v - an uncursed scroll of magic mapping
  z - a cursed scroll of remove curse
  P - a blessed scroll of scare monster
  A - an uncursed scroll of teleportation
 Spellbooks  ('+')
  o - an uncursed spellbook of healing
 Potions  ('!')
  n - a cursed potion of blindness
  K - an uncursed potion of fruit juice
  u - a cursed potion of gain level
  p - an uncursed potion of healing
  C - a cursed potion of levitation
  M - 2 uncursed potions of object detection
  l - an uncursed potion of oil
  I - an uncursed potion of see invisible
  s - an uncursed potion of sickness
 Rings    ('=')
  D - an uncursed ring of levitation named ok
  m - an uncursed ring of regeneration named ok
  y - a cursed ring of teleportation
 Wands    ('/')
  L - a wand of cancellation (0:4)
  Y - a wand of sleep (0:2)
  X - a wand of undead turning (0:7)
 Tools    ('(')
  f - an empty uncursed sack
  r - an uncursed leash
  e - an uncursed lock pick named D-
  t - an uncursed lock pick
 Gems/Stones  ('*')
  G - an uncursed worthless piece of blue glass

Ch3Begorrah the Rogue's attributes:

Background:
 You were a Cutpurse, a level 4 male human Rogue.
 You were chaotic, nominally on a mission for Kos
 who was opposed by Issek (lawful) and Mog (neutral).
 You were right-handed.
 You were in the Dungeons of Doom, on level 6.
 You entered the dungeon 2127 turns ago.
 You had 93 experience points, 67 more were needed to attain level 5.

Basics:
 You had 0 out of 34 hit points.
 You had all 17 energy points (spell power).
 Your armor class was 6.
 Your wallet contained 58 zorkmids.
 Autopickup was on for '$!/(' plus thrown, with exceptions.

Final Characteristics:
 Your strength was 12 (base:13, limit:18/100).
 Your dexterity was 18 (limit:18).
 Your constitution was 15 (limit:18).
 Your intelligence was 9 (limit:18).
 Your wisdom was 13 (limit:18).
 Your charisma was 8 (limit:18).

Final Status:
 You were deaf.
 You were fainted due to starvation.
 You were burdened; movement was slightly slowed.
 You were wielding a dagger.
 You had basic skill with dagger.

Final Attributes:
 You were devoutly aligned.
 You were stealthy.
 You were warded.
 You are dead.

Miscellaneous:
 You didn't encounter any bones levels.
 Total elapsed playing time was 25 minutes and 59 seconds.

Major events:
 Turn
    1: Ch3Begorrah the chaotic male human Rogue entered the dungeon
  605: attained the rank of Cutpurse (level 3)
  624: entered the Gnomish Mines
 2127: killed by a rothe, while fainted from lack of food

You didn't know any spells.

Skills:
 Fighting Skills
   bare handed combat [Unskilled]
   two weapon combat  [Unskilled]
   riding             [Unskilled]
 Weapon Skills
   dagger             [Basic]
   knife              [Unskilled]
   short sword        [Basic]
   broadsword         [Unskilled]
   long sword         [Unskilled]
   two-handed sword   [Unskilled]
   saber              [Unskilled]
   club               [Unskilled]
   mace               [Unskilled]
   morning star       [Unskilled]
   flail              [Unskilled]
   hammer             [Unskilled]
   polearms           [Unskilled]
   spear              [Unskilled]
   crossbow           [Unskilled]
   dart               [Unskilled]
   shuriken           [Unskilled]
 Spellcasting Skills
   divination spells  [Unskilled]
   escape spells      [Unskilled]
   matter spells      [Unskilled]

Voluntary challenges:
 Character rerolling was not enabled.
 You followed a strict vegan diet.
 You were an atheist.
 You never genocided any monsters.
 You never polymorphed an object.
 You never changed form.
 You used no wishes.
Achievements:
 You attained the rank of Cutpurse.
 You entered the Gnomish Mines.
 You entered a shop.

 The Dungeons of Doom: levels 1 to 6
    Level 1:
       A fountain.
    Level 2:
       Stairs down to The Gnomish Mines.
    Level 3:
       A potion shop.
    Level 4:
       A wand shop, a fountain, a grave.
    Level 5:
       A fountain.
    Level 6: <- You were here.
       Final resting place for
          you, killed by a rothe, while fainted from lack of food.
 The Gnomish Mines:
    Level 3:


Vanquished creatures:
  a giant bat
  2 orc zombies
  a werejackal
  2 iguanas
 an acid blob
  5 manes
  a large kobold
  a cave spider
  a gnome zombie
  3 geckos
  5 jackals
  2 foxes
  a kobold
  a goblin
 13 grid bugs
  5 lichens
  a kobold zombie
  5 newts
51 creatures vanquished.

No species were genocided or became extinct.

Game over:
                       ----------
                      /          \
                     /    REST    \
                    /      IN      \
                   /     PEACE      \
                  /                  \
                  |   Ch3Begorrah    |
                  |      58 Au       |
                  |   killed by a    |
                  |      rothe       |
                  |                  |
                  |                  |
                  |       2026       |
                 *|     *  *  *      | *
        _________)/\\_//(\/(/\)/\//\/|_)_______

Goodbye Ch3Begorrah the Rogue...

You died in The Dungeons of Doom on dungeon level 6 with 715 points,
and 58 pieces of gold, after 2127 moves.
You were level 4 with a maximum of 34 hit points when you died.

